Map: 2000 Atmospheres LE

Players

ViBE - Winner!

  • Race: Zerg Zerg
  • League: Diamond

blarg

  • Race: Zerg Zerg
  • League: Diamond

VOD

Have the link to the VOD?

Description

Time

  • Played on: April 18, 2021, 10:51 p.m.
  • Length: 9:26
Show
View Real Time Build Order
Export as new Build Order

ViBE Zerg - Winner!

Build Orders: Hatch First 

Get SALT Encoding   

  12  0:00  Drone  
  13  0:13  Overlord  
  13  0:17  Drone  
  14  0:31  Drone x2  
  16  0:48  Hatchery  
  15  0:55  Drone x2  
  17  1:01  Drone  
  18  1:11  Extractor  
  17  1:15  Spawning Pool  
  17  1:17  Drone  
  17  1:21  Drone  
  18  1:29  Drone  
  19  2:01  Queen x2  
  19  2:03  Zergling x4  
  19  2:04  Drone  
  19  2:05  Drone  
  27  2:12  Metabolic Boost  
  27  2:16  Drone  
  27  2:17  Overlord  
  28  2:30  Overlord  
  28  2:37  Drone  
  28  2:38  Drone x2  
  31  2:44  Drone  
  31  2:48  Baneling Nest  
  31  3:00  Hatchery  
  30  3:06  Zergling x4  
  30  3:07  Queen  
  30  3:12  Drone  
  35  3:13  Drone x2  
  35  3:17  Overlord  
  36  3:28  Zergling x4  
  36  3:31  Drone  
  36  3:32  Drone x3  
  42  3:39  Drone  
  42  3:48  Baneling x3  
  42  3:49  Baneling  
  42  3:58  Overlord  
  42  4:00  Overlord  
  42  4:04  Zergling x2  
  42  4:05  Zergling x6  
  42  4:06  Drone  
  47  4:14  Roach Warren  
  47  4:16  Evolution Chamber  
  45  4:26  Drone x4  
  45  4:27  Drone x7  
  56  4:32  Drone  
  55  5:00  Zerg Missile Weapons Level 1  
  55  5:01  Drone, Overlord x2, Extractor  
  55  5:02  Drone x12  
  55  5:03  Extractor  
  66  5:19  Lair  
  65  5:27  Roach  
  67  5:29  Overlord  
  67  5:30  Overlord x3  
  67  5:33  Zergling x10  
  72  5:36  Roach x2  
  72  5:37  Drone x4  
  80  5:44  Extractor, Drone  
  80  5:49  Drone x2  
  82  5:50  Drone  
  83  5:57  Drone  
  83  6:01  Roach x2  
  88  6:06  Roach  
  88  6:11  Roach x8  
  106  6:12  Hatchery  
  105  6:22  Evolution Chamber  
  105  6:24  Overlord x2  
  105  6:25  Overlord x2  
  104  6:39  Roach x6  
  118  6:47  Roach  
  118  6:51  Drone  
  118  6:53  Zerg Ground Armor Level 1, Overlord x4  
  119  6:55  Zerg Missile Weapons Level 2  
  119  7:07  Roach x5  
  129  7:18  Roach  
  129  7:19  Roach x4  
  137  7:33  Roach x6  
  147  7:46  Roach x6  
  147  7:48  Overlord x3  
  152  7:52  Roach x3  
  158  8:05  Extractor x2  
  157  8:08  Drone x3  
  157  8:09  Drone x3  
  157  8:10  Drone x2  
  164  8:15  Roach x4  
  172  8:27  Roach  
  172  8:28  Roach x9  
  172  8:32  Roach x2  
  198  8:34  Roach  
  198  8:39  Roach  
  200  8:43  Overseer  
Show
View Real Time Build Order
Export as new Build Order

blarg Zerg 

Build Orders: Hatch First 

Get SALT Encoding   

  12  0:00  Drone  
  13  0:12  Drone  
  14  0:18  Overlord  
  14  0:37  Drone x2  
  16  0:49  Hatchery  
  15  0:53  Drone  
  15  0:56  Drone  
  17  0:59  Extractor  
  17  1:01  Drone  
  17  1:10  Drone  
  18  1:19  Spawning Pool  
  18  1:23  Drone  
  18  1:31  Drone  
  19  1:42  Overlord  
  19  2:05  Drone  
  19  2:06  Zergling x4  
  19  2:08  Queen x2  
  26  2:13  Drone  
  27  2:20  Drone  
  27  2:21  Metabolic Boost  
  28  2:24  Drone  
  28  2:28  Drone  
  30  2:34  Drone  
  31  2:44  Hatchery  
  31  2:47  Drone  
  31  2:48  Drone  
  32  2:55  Drone x2  
  34  3:02  Zergling x2  
  35  3:07  Drone  
  36  3:18  Overlord x2  
  36  3:31  Overlord  
  36  3:39  Drone x6  
  42  3:46  Drone  
  43  3:54  Drone  
  43  3:55  Drone  
  45  3:57  Extractor  
  45  3:58  Zergling x2  
  45  4:00  Queen  
  45  4:01  Drone x6  
  53  4:09  Lair  
  53  4:14  Hatchery  
  52  4:18  Drone  
  52  4:19  Drone x5  
  52  4:23  Roach Warren  
  55  4:43  Zergling x18  
  59  4:51  Zergling x4  
  57  4:56  Zergling x2  
  52  5:05  Roach x2  
  52  5:06  Roach  
  58  5:12  Zergling x2  
  58  5:13  Zergling x2  
  60  5:15  Drone  
  60  5:16  Queen, Glial Reconstitution  
  63  5:23  Drone x3  
  63  5:25  Overlord x2  
  66  5:29  Drone x2  
  66  5:30  Extractor  
  66  5:31  Drone  
  66  5:34  Drone  
  66  5:35  Extractor  
  68  5:36  Queen  
  68  5:37  Drone  
  68  5:40  Drone  
  72  5:43  Overlord  
  72  5:44  Overlord  
  72  5:55  Drone x2  
  74  5:58  Drone x5  
  74  6:02  Queen  
  74  6:03  Drone x2  
  83  6:12  Roach  
  85  6:23  Drone x9  
  94  6:29  Hydralisk Den  
  94  6:31  Drone x2  
  95  6:32  Evolution Chamber  
  95  6:33  Evolution Chamber  
  95  6:36  Roach x4  
  101  6:43  Drone  
  101  6:44  Drone  
  103  6:47  Drone x2, Extractor  
  103  6:48  Extractor  
  103  6:49  Overlord x3  
  103  6:59  Zerg Missile Weapons Level 1, Zerg Ground Armor Level 1  
  103  7:02  Overlord x2  
  103  7:05  Overlord x2  
  103  7:07  Drone  
  104  7:09  Hydralisk x3, Grooved Spines  
  110  7:21  Hydralisk  
  110  7:22  Hydralisk x5  
  119  7:29  Hydralisk x3  
  125  7:40  Drone x2  
  125  7:41  Hydralisk  
  128  7:46  Hydralisk x5  
  133  7:53  Hydralisk x3  
  133  7:56  Queen  
  141  8:02  Drone x4  
  141  8:04  Zergling x4  
  147  8:06  Overlord  
  147  8:15  Drone x8  
  147  8:18  Overlord  
  155  8:21  Spore Crawler  
  155  8:23  Spore Crawler  
  155  8:24  Overlord  
  155  8:25  Overlord, Spore Crawler  
  152  8:28  Spore Crawler  
  152  8:33  Drone x6  
  157  8:41  Pneumatized Carapace  
  157  8:43  Drone x6  
  157  8:44  Overlord  
  163  8:49  Drone x2, Extractor  
  163  8:50  Extractor  
  163  8:51  Hydralisk x2  
  167  9:08  Zergling x26  
Tags
 
Add a new tag
Caveats
  • Supply blocks, unpowered buildings, or Contaminate may cause inaccurate times.
  • Supply counts are checked every 10 seconds.